 Dungeon Crawl Stone Soup version 0.25.1-11-g244df3a29b (webtiles) character file.

Game seed: 16426184320211056357

165 SSird the Caller (level 5, -2/28 HPs)
             Began as a Tengu Summoner on Oct 18, 2022.
             Slain by an adder (4 damage)
             ... on level 3 of the Dungeon.
             The game lasted 00:08:59 (3485 turns).

SSird the Caller (Tengu Summoner)                   Turns: 3485, Time: 00:09:01

Health: -2/28      AC:  2    Str:  9    XL:     5   Next: 46%
Magic:  2/11       EV: 13    Int: 16    God:
Gold:   79         SH:  0    Dex: 14    Spells: 3/10 levels left

rFire    . . .     SeeInvis .   b - +0 club
rCold    . . .     Gourm    .   (no shield)
rNeg     . . .     Faith    .   a - +0 robe
rPois    .         Spirit   .   (helmet restricted)
rElec    .         Reflect  .   (no cloak)
rCorr    .         Harm     .   (no gloves)
MR       .....                  (boots unavailable)
Stlth    ++........             (no amulet)
HPRegen  0.09/turn              (no ring)
MPRegen  0.12/turn              (no ring)

@: lethally poisoned (-2 -> -10)
A: beak, talons 3, able to fly
a: Fly


You were on level 3 of the Dungeon.
You were hungry.

You visited 1 branch of the dungeon, and saw 3 of its levels.

You collected 79 gold pieces.

Inventory:

Hand Weapons
 b - a +0 club (weapon)
 f - a +0 vampiric short sword
Armour
 a - a +0 robe (worn)
 d - +0 acid dragon scales
Scrolls
 e - a scroll of blinking {unknown}
 j - a scroll of amnesia {unknown}
Potions
 i - a potion of curing {unknown}
 m - a potion of ambrosia {unknown}
Comestibles
 c - 2 rations


   Skills:
 + Level 3.4 Dodging
 - Level 2.0 Stealth
 + Level 3.4 Spellcasting
 + Level 5.6 Summonings
 * Level 2.3 Air Magic


You had 3 spell levels left.
You knew the following spells:

 Your Spells              Type           Power        Failure   Level  Hunger
a - Call Imp              Summ           ###.....     2%          2    ##.....
b - Summon Small Mammal   Summ           ###.         1%          1    None
c - Summon Lightning Spi  Summ/Air       ###.....     34%         4    ####...

Your spell library contained the following spells:

 Spells                   Type           Power        Failure   Level  Hunger
 Call Canine Familiar     Summ           ###.....     5%          3    ###....
 Summon Guardian Golem    Hex/Summ       ##......     17%         3    ###....
 Summon Ice Beast         Ice/Summ       ##......     50%         4    ####...


Dungeon Overview and Level Annotations

Branches:
Dungeon (3/15)

Altars:
Okawaru

Portals:
Sewer: D:3


Innate Abilities, Weirdness & Mutations

You have a beak for a mouth.
You have claws for feet.
You can fly continuously.


Message History

It was a potion of lignification.
You turn into a tree.
Your +0 robe melds into your body.
Your roots penetrate the ground.
* * * LOW HITPOINT WARNING * * *
You feel sick. The adder bites you.
* * * LOW HITPOINT WARNING * * *
Unknown command.
It was a potion of resistance.
You feel protected.
* * * LOW HITPOINT WARNING * * *
You feel sick. The adder bites you but does no damage.
The giant cockroach barely misses your crimson imp.
Your crimson imp closely misses the adder.
It was a potion of cancellation.
Your magical effects are unravelling.
You feel magically purged.
You feel less wooden.
Your +0 robe unmelds from your body.
Your resistance to elements expires.
The adder bites you.
You die...

##### #.# (...# ##### #$####
....# #...# #.#..# ##..# #..?#
#.#..# ≈#..# #...# #.#..#..#
≈†..# #...# #.#..#h.#
≈#..#####...#########†#..#..####
##.....†..5.5s5S@..†............
....##########.######.#.##.###.#
##### #.# #.#)##.# #.# #>#
##'#....###.## #.#
#.....(##..... #.#
#....#(....... #.#
#....#........ ###
######........ #...#####


You could see an adder, a giant cockroach and 3 friendly crimson imps.

Vanquished Creatures
  2 goblins
  4 hobgoblins
  6 jackals
  A quokka (D:2)
  3 bats
  A frilled lizard (D:1)
  6 kobolds
  5 rats
28 creatures vanquished.

Vanquished Creatures (collateral kills)
  An ogre (D:3)
  An orc wizard (D:2)
  Terence (D:3)
  A gnoll (D:1)
  5 adders
  2 worms (D:2)
  3 leopard geckos
  3 orcs
  A giant cockroach (D:3)
  4 goblins
  4 jackals
  4 kobolds
  2 quokkas (D:2)
  3 bats
  A frilled lizard (D:1)
36 creatures vanquished.

Grand Total: 64 creatures vanquished

Notes
Turn   | Place    | Note
-------+----------+-------------------------------------------
     0 | D:1      | SSird the Tengu Summoner began the quest for the Orb.
     0 | D:1      | Reached XP level 1. HP: 10/10 MP: 4/4
   386 | D:1      | Reached XP level 2. HP: 2/15 MP: 3/6
   682 | D:1      | Reached skill level 5 in Summonings
   704 | D:1      | Learned a level 2 spell: Call Imp
  1388 | D:1      | Reached XP level 3. HP: 19/19 MP: 8/8
  1818 | D:2      | Reached XP level 4. HP: 11/24 MP: 2/9
  2479 | D:2      | Learned a level 4 spell: Summon Lightning Spire
  2762 | D:2      | Found an iron altar of Okawaru.
  3351 | D:3      | Noticed Terence
  3366 | D:3      | Noticed an ogre
  3373 | D:3      | Killed Terence
  3373 | D:3      | Reached skill level 1 in Air Magic
  3385 | D:3      | Killed an ogre
  3385 | D:3      | Gained mutation: You can fly continuously. [Tengu growth]
  3385 | D:3      | Reached XP level 5. HP: 17/28 MP: 1/11
  3437 | D:3      | Found a glowing drain.
  3485 | D:3      | Slain by an adder

Illustrated notes

Levels and vault maps discovered:
D:1:      dpeg_arrival_connections, layout_loops_corners, corexii_hall_statues_u
D:2:      lemuel_upstairs_altar, layout_basic, overflow_temple_1_default
D:3:      layout_basic, demons_altar, lemuel_coloured_pillars_altar,
          gup_sewer_entry_glass, uniq_terence

Skill      XL: |  1  2  3  4 |
---------------+-------------+-----
Summonings     | 5 |  5.6
Dodging        | 3 |  3.4
Spellcasting   | 3 |  3.4
Air Magic      | 2 |  2.3
Stealth        | |  2.0

Action                   |  1- 3 |  4- 6 || total
-------------------------+-------+-------++-------
Melee: Club              |    42 |    48 ||    90
       Kick              |    13 |     4 ||    17
       Unarmed           |     3 |       ||     3
       Peck              |     6 |     5 ||    11
 Cast: Summon Small Mamm |     8 |     2 ||    10
       Call Imp          |    14 |    23 ||    37
  Use: Potion            |       |     3 ||     3
 Stab: Sleeping          |     4 |       ||     4
  Eat: Chunk             |     3 |     6 ||     9
Armor: Robe              |     7 |    14 ||    21
       Skin              |       |     1 ||     1
Dodge: Dodged            |    35 |    82 ||   117
